Description

gas pool before hatchery before getting aand saturating 3 bases and maxing out on Roach Ravager by 8 minutes!

Replay - 2017-09-20 - (P)Justice VS (Z)DestinyKid

Build Order

Get SALT Encoding   

  12  0:01  Drone  
  13  0:14  Overlord  
  13  0:24  Drone  
  14  0:37  Spawning Pool  
  14  0:42  Drone  
  14  0:47  Drone  
  15  0:51  Drone  
  15  0:55  Drone  
  17  1:01  Extractor  
  16  1:04  Drone  
  17  1:22  Hatchery  
  17  1:28  Hatchery  
  16  1:39  Queen  
  18  1:42  Drone  
  19  1:49  Drone x2  
  21  1:56  Overlord  
  21  2:09  Drone  
  22  2:22  Drone  
  23  2:29  Drone  
  24  2:37  Drone  
  24  2:39  Hatchery  
  24  2:41  Drone  
  24  2:42  Queen  
  27  2:52  Drone x4  
  31  3:00  Drone  
  31  3:03  Drone  
  33  3:12  Drone x2  
  35  3:17  Drone  
  36  3:22  Overlord x2  
  36  3:31  Overlord  
  36  3:41  Drone  
  36  3:42  Drone x3  
  40  3:53  Drone  
  40  3:54  Drone x8  
  49  3:58  Extractor  
  49  3:59  Extractor  
  47  4:04  Evolution Chamber  
  47  4:05  Drone, Roach Warren  
  47  4:06  Drone x2  
  48  4:13  Extractor  
  48  4:16  Queen  
  49  4:18  Drone x3  
  52  4:34  Zerg Missile Weapons Level 1  
  52  4:47  Lair  
  52  4:48  Overlord x2  
  52  4:57  Drone  
  52  4:58  Drone x13  
  66  5:10  Overlord  
  66  5:11  Overlord x2  
  66  5:16  Extractor  
  66  5:19  Zergling x2  
  66  5:20  Extractor  
  65  5:29  Drone  
  65  5:30  Drone x2  
  68  5:37  Drone x3  
  68  5:38  Drone x2  
  73  5:46  Overseer  
  73  5:49  Glial Reconstitution  
  73  5:53  Evolution Chamber  
  72  6:06  Hydralisk Den  
  72  6:10  Hatchery  
  70  6:12  Roach x16  
  102  6:32  Zerg Missile Weapons Level 2  
  102  6:33  Zerg Ground Armor Level 1  
  102  6:52  Roach, Hydralisk  
  106  6:54  Overlord x3  
  106  6:55  Overlord x2  
  106  7:13  Infestation Pit  
  107  7:19  Hydralisk  
  107  7:20  Hydralisk x15  
  137  7:23  Roach x3  
  137  7:25  Overlord  
  143  7:33  Hatchery  
  143  7:36  Roach  
  144  7:37  Overlord x2  
  144  7:38  Overlord  
  144  7:46  Roach  
  144  7:47  Roach x3  
  144  7:48  Overlord x2  
  152  7:53  Hive  
  152  8:01  Roach x4  
  152  8:02  Roach  
  162  8:06  Roach x2  
  166  8:15  Drone x8  
  166  8:19  Queen  
  176  8:27  Ravager  
  176  8:28  Ravager x11  
  176  8:32  Roach  
  190  8:44  Zerg Ground Armor Level 2  
  171  9:09  Roach  
  183  9:10  Roach x14  
  197  9:24  Roach, Overlord  
  197  9:26  Queen  
  197  9:28  Roach  
  197  9:29  Roach x4  
  189  9:38  Roach  
  189  9:39  Roach x4  
  189  9:40  Overlord  
  189  9:41  Overlord  
Spawning Tool Build Advisor. Get it on Overwolf

Go to:

Details

  • Created by: b181005
  • Published on: Nov 19, 2018
  • Modified on: Nov 19, 2018
  • Patch: 4.0.0
Show
View Real Time Build Order
Export as new Build Order

Comments (0)

There are no comments. Be the first!

Create an account to comment!